 Dungeon Crawl Stone Soup version 0.27.1-3-gb3d3a73c9e (webtiles) character file.

Game seed: 3674307651111515677

1867 Crownlay the Cleaver (level 9, -3/70 HPs)
             Began as a Hill Orc Fighter on Oct 21, 2021.
             Was a Priest of Dithmenos.
             Slain by a manticore (15 damage)
             ... on level 6 of the Dungeon.
             The game lasted 00:07:19 (6122 turns).

Crownlay the Cleaver (Hill Orc Fighter)             Turns: 6122, Time: 00:07:20

Health: -3/70      AC: 10    Str: 22    XL:     9   Next: 13%
Magic:  14/14      EV:  9    Int:  8    God:    Dithmenos [***...]
Gold:   354        SH:  0    Dex: 10    Spells: 8/8 levels left

rFire    . . .     SeeInvis .   m - +2 war axe (vorpal)
rCold    . . .     Faith    .   (no shield)
rNeg     . . .     Spirit   .   b - +0 scale mail
rPois    .         Reflect  .   h - +2 helmet
rElec    .         Harm     .   (no cloak)
rCorr    .         Rampage  .   (no gloves)
Will     .....                  (no boots)
Stlth    ..........             (no amulet)
HPRegen  0.21/turn              k - ring of flight
MPRegen  0.14/turn              (no ring)

@: spiked, flying, wreathed by umbra
A: no striking features
a: Renounce Religion, Shadow Step


You were on level 6 of the Dungeon.
You worshipped Dithmenos.
Dithmenos was most pleased with you.
You visited 1 branch of the dungeon, and saw 6 of its levels.

You collected 354 gold pieces.

Inventory:

Hand Weapons
 m - a +2 vorpal war axe (weapon)
 t - a +5 hand axe
Missiles
 s - 2 curare-tipped darts (quivered)
Armour
 b - a +0 scale mail (worn)
 c - a +0 kite shield
 h - a +2 helmet (worn)
Jewellery
 k - a ring of flight (left hand)
Wands
 j - a wand of iceblast (8)
Scrolls
 a - a scroll of enchant armour
 e - a scroll of identify
 i - a scroll of torment
 o - a scroll of vulnerability
 p - a scroll of immolation
 r - a scroll of acquirement {unknown}
Potions
 d - 2 potions of might
 f - a potion of curing {unknown}
 g - a potion of heal wounds
 l - a potion of magic {unknown}
 n - 2 potions of lignification
 q - a potion of invisibility {unknown}


   Skills:
 - Level 3.6 Fighting
 * Level 11.0 Axes
 - Level 3.2 Armour
 + Level 7.2 Shields
 + Level 7.1 Invocations


You had 8 spell levels left.
You didn't know any spells.
Your spell library contained the following spells:

 Spells                   Type           Power      Damage    Failure   Level
 Animate Skeleton         Necr           0%         N/A       75%         1
 Pain                     Necr           0%         1d4       75%         1
 Vampiric Draining        Necr           0%         2d6       98%         3


Dungeon Overview and Level Annotations

Branches:
Dungeon (6/15)             Temple (0/1) D:5

Altars:
Dithmenos
Okawaru
Beogh

Annotations:
D:3 3 runed translucent doors, Crownlay's ghost, novice HOFi


Message History

A manticore comes into view.
The manticore flicks its tail.
The volley of spikes misses you.
The manticore flicks its tail.
The volley of spikes hits you.
The barbed spikes become lodged in your body.
The barbs in your skin will harm you if you move.
Continue? [Y]es or [N]o only, please.
The barbs in your skin will harm you if you move.
Continue? [Y]es or [N]o only, please.
The barbs in your skin will harm you if you move.
Continue? [Y]es or [N]o only, please.
The barbs in your skin will harm you if you move.
Continue? [Y]es or [N]o only, please.
The barbs in your skin will harm you if you move.
Continue?
Okay, then.
You slash the manticore!
The manticore is moderately wounded.
The manticore bites you! The manticore claws you!
The manticore closely misses you.
You are too injured to fight recklessly!
You are too injured to fight recklessly!
You are too injured to fight recklessly!
You are too injured to fight recklessly!
You hit the manticore.
The manticore is moderately wounded.
The manticore barely misses you. The manticore claws you!
The manticore closely misses you.
You barely miss the manticore.
The manticore is moderately wounded.
You hit the manticore.
The manticore is moderately wounded.
The manticore bites you!
* * * LOW HITPOINT WARNING * * *
The manticore claws you but does no damage.
The manticore barely misses you.
You slash the manticore!
The manticore is heavily wounded.
The manticore bites you!
You die...

..... #...###
#..... ###....
.#...# ....#
#H..# #@..#
##...# ###....#
###...#### ..
###.....#
....###.......#
..............#
.####.#.#######
#.#.#


You could see a manticore.

Vanquished Creatures
  Sigmund (D:5)
  Menkaure (D:5)
  A water moccasin (D:6)
  2 black bears
  3 ogres (D:5)
  3 necrophages
  A phantom (D:4)
  A bullfrog (D:6)
  A scorpion (D:5)
  3 wights (D:6)
  A bullfrog zombie (D:6)
  3 orc priests
  2 hounds
  2 bullfrog skeletons (D:5)
  2 iguanas
  A killer bee zombie (D:5)
  3 gnolls (D:4)
  4 adders (D:5)
  An ufetubus (D:5)
  An adder skeleton (D:4)
  2 worms
  3 dart slugs
  17 orcs
  10 bats
  4 endoplasms
  4 giant cockroaches
  6 goblins
  5 hobgoblins
  4 jackals
  2 quokkas
  2 ball pythons (D:1)
  4 frilled lizards
  7 kobolds
  9 rats
116 creatures vanquished.

Vanquished Creatures (others)
  A plant (D:3)
1 creature vanquished.

Grand Total: 117 creatures vanquished

Notes
Turn   | Place    | Note
-------+----------+-------------------------------------------
     0 | D:1      | Crownlay the Hill Orc Fighter began the quest for the Orb.
     0 | D:1      | Reached XP level 1. HP: 19/19 MP: 1/1
    57 | D:1      | Reached skill level 3 in Axes
   164 | D:1      | Found a faded altar of an unknown god.
   169 | D:1      | Reached XP level 2. HP: 25/26 MP: 2/2
   182 | D:1      | Became a worshipper of Dithmenos the Shadowed
   182 | D:1      | Reached * piety under Dithmenos
   388 | D:1      | Reached skill level 4 in Axes
   459 | D:1      | Reached XP level 3. HP: 31/31 MP: 3/3
  1239 | D:2      | Reached skill level 1 in Invocations
  1446 | D:2      | Reached ** piety under Dithmenos
  1447 | D:2      | Reached XP level 4. HP: 18/39 MP: 3/5
  1458 | D:2      | Reached skill level 5 in Axes
  2402 | D:3      | Found a runed translucent gate.
  2403 | D:3      | Found a runed translucent gate.
  2403 | D:3      | Identified the +7 mace "Heir" {holy, +Blink rPois Dex-3
                  | Stlth+}
  2403 | D:3      | Noticed Crownlay's ghost (novice HOFi)
  2404 | D:3      | Found a runed translucent gate.
  2410 | D:3      | Found a roughly hewn altar of Beogh.
  2546 | D:3      | Reached XP level 5. HP: 38/45 MP: 6/6
  3003 | D:3      | HP: 2/45 [orc priest/divine providence (8)]
  3007 | D:3      | Reached skill level 6 in Axes
  3344 | D:4      | Reached XP level 6. HP: 12/51 MP: 8/8
  3894 | D:4      | Reached *** piety under Dithmenos
  4104 | D:5      | Entered Level 5 of the Dungeon
  4127 | D:5      | Noticed Sigmund
  4129 | D:5      | Noticed a necrophage
  4136 | D:5      | Killed Sigmund
  4137 | D:5      | Reached skill level 7 in Axes
  4137 | D:5      | Reached skill level 5 in Shields
  4137 | D:5      | Reached XP level 7. HP: 57/57 MP: 8/10
  4191 | D:5      | Found a staircase to the Ecumenical Temple.
  4219 | D:5      | Reached skill level 8 in Axes
  4476 | D:5      | Found an iron altar of Okawaru.
  4517 | D:5      | Noticed Menkaure
  4525 | D:5      | Killed Menkaure
  4526 | D:5      | Reached skill level 5 in Invocations
  4526 | D:5      | Reached XP level 8. HP: 21/64 MP: 11/11
  4767 | D:5      | Reached skill level 9 in Axes
  5590 | D:6      | Reached skill level 10 in Axes
  5794 | D:6      | Reached XP level 9. HP: 58/70 MP: 14/14
  6020 | D:6      | Reached skill level 11 in Axes
  6114 | D:6      | Noticed a manticore
  6122 | D:6      | Slain by a manticore

Illustrated notes

Levels and vault maps discovered:
D:1:      dpeg_arrival_arbitrary_a, layout_basic,
          shapermc_ecumenical_altar_starsandcircs
D:2:      layout_basic, kennysheep_generic_room_3
D:3:      cheibrodos_old_hovel, layout_loops_ring, biasface_ghost_orc_armoury,
          glass_columns_c, serial_bayou_pond_a, minmay_misc_feat_roman
D:4:      layout_cave_pools
D:5:      minmay_spotlight, layout_basic, okawaru_gym_becter,
          minmay_temple_entry_tees, hangedman_decor_push, feat_on_display,
          uniq_sigmund, uniq_menkaure
D:6:      layout_basic, serial_shops, kennysheep_mini,
          minmay_manual_mandibuliform, uniq_duvessa

Skill      XL: |  1  2  3  4  5  6  7  8  9 |
---------------+----------------------------+-----
Axes           | 3 4 5 6 7 8 10 11 | 11.0
Invocations    | 1 2 3 4 5 6 7 |  7.1
Shields        | 4 5 6 7 |  7.2
Fighting       | |  3.6
Armour         | |  3.2

Action                   |  1- 3 |  4- 6 |  7- 9 || total
-------------------------+-------+-------+-------++-------
Melee: War axe           |    98 |   131 |   124 ||   353
  Use: Potion            |       |     1 |       ||     1
       Scroll            |       |     2 |     3 ||     5
Armor: Scale mail        |    52 |    65 |    59 ||   176
Dodge: Dodged            |    65 |    89 |    72 ||   226
